cohdb
Replays
Latest Replays
All Replays
Popular Replays
Top Player Replays
Match Explorer
How It Works
Community
CoH3 Stats
Reddit
Sign in to upload your games and track your stats! →
Sign in with Steam
Match 42986150
Unlisted
Match 42986150
Overview
Messages
Build Orders
End
Selects Australian Defense Battlegroup
Selects Australian Light Infantry Section
Vickers Machine Gun Team
Australian Light Infantry Section
Australian Light Infantry Section
Construct Section Command Post
Infantry Section
Selects 2-pounder Anti-tank Gun Team
2-pounder Anti-tank Gun Team
Construct Field Infirmary
Construct Platoon Command Post
Humber Armored Car
Humber Armored Car
Construct Company Command Post
Foot Guards Section
foobian
Ouraganco
Stofpoeper
2289090854
Saxil
ToxicCheeseMan
Valar[M]orgHulis
Prof. Dr. Redbullet (GER)
0
0
Comments
sign in to comment!
No comments posted yet!